 Dungeon Crawl Stone Soup version 0.21-a0-19-g210df22 (webtiles) character file.

21 lauthentik the Conjurer (level 2, -2/20 HPs)
             Began as a Draconian Conjurer on May 24, 2017.
             Slain by a goblin
             ... wielding a +0 dagger
             ... led by Robin
              (4 damage)
             ... on level 2 of the Dungeon.
             The game lasted 00:02:18 (750 turns).

lauthentik the Conjurer (Draconian Conjurer)         Turns: 750, Time: 00:02:18

Health: -2/20      AC:  5    Str: 10    XL:     2   Next: 62%
Magic:  2/5        EV: 12    Int: 15    God:
Gold:   91         SH:  0    Dex: 11    Spells: 4/5 levels left

rFire    . . .     SeeInvis .   i - +0 whip
rCold    . . .     Gourm    .   (no shield)
rNeg     . . .     Faith    +   (armour unavailable)
rPois    .         Spirit   .   (helmet restricted)
rElec    .         Reflect  .   (no cloak)
rCorr    .         Harm     .   g - +0 pair of gloves
MR       .....                  (no boots)
Stlth    ++........             d - amulet of faith
Regen    0.1/turn               (no ring)
MPRegen  0.1/turn               (no ring)

@: no status effects
A: unfitting armour, cold-blooded, AC +4
a: no special abilities


You were on level 2 of the Dungeon.
You were not hungry.

You visited 1 branch of the dungeon, and saw 2 of its levels.

You collected 91 gold pieces.

Inventory:

Hand Weapons
 f - a cursed +0 hunting sling
 i - a +0 whip (weapon)
Armour
 g - a +0 pair of gloves (worn)
Jewellery
 d - an amulet of faith (around neck)
Scrolls
 c - a scroll of fog {unknown}
 h - a scroll of enchant armour {unknown}
Potions
 e - a potion of agility {unknown}
 k - a potion of brilliance {unknown}
Books
 a - a book of Conjurations

   Spells                             Type                      Level
   a - Magic Dart                     Conjuration                  1
   b - Searing Ray                    Conjuration                  2
   c - Dazzling Spray                 Conjuration/Hexes            3
   d - Fulminant Prism                Conjuration/Hexes            4
   e - Force Lance                    Conjuration/Translocation    4
   f - Iskenderun's Mystic Blast      Conjuration                  4
Comestibles
 b - 2 bread rations
 j - 2 chunks of flesh
 l - a meat ration


   Skills:
 + Level 1.7 Dodging
 + Level 1.8 Stealth
 + Level 2.1 Spellcasting
 + Level 4.6 Conjurations


You had 4 spell levels left.
You knew the following spells:

 Your Spells              Type           Power        Failure   Level  Hunger
a - Magic Dart            Conj           ###.         3%          1    #......


Dungeon Overview and Level Annotations

Branches:
Dungeon (2/15)

Altars:

Annotations:
D:2 Robin


Innate Abilities, Weirdness & Mutations

Your plain brown scales are hard. (AC +4)
You cannot fit into any form of body armour.
You are cold-blooded and may be slowed by cold attacks.


Message History

You barely miss the goblin.
The goblin no longer looks unusually strong.
The goblin hits you with a dagger. The goblin closely misses you.
Casting: Magic Dart
Confirm with . or Enter, or press ? or * to list all spells.
Aiming: Magic Dart
Press: ? - help, Shift-Dir - straight line, f/p - goblin
Aim: a goblin (severely wounded, unusually strong)
The magic dart hits the goblin.
You kill the goblin!
Robin throws the goblin at you! The goblin hits you but does no damage.
The goblin hits you with a dagger!
* * * LOW HITPOINT WARNING * * *
A goblin comes into view.
You barely miss the goblin.
Robin flexes a bicep menacingly.
Robin roars a battlecry!
The goblin goes into a battle-frenzy!
The goblin closely misses you. The goblin hits you with a dagger.
You die... #+## ####.# #.# #.# ## #.# ggg

#.# .g.g #.#
g.g.. #.#
..g...########.#
#g.g..gg@g.#
############


You could see Robin, a hobgoblin and 3 goblins.

Vanquished Creatures
  A ball python (D:1)
  A giant cockroach (D:1)
  5 goblins
  2 hobgoblins (D:1)
  3 kobolds (D:1)
  A quokka (D:2)
  A bat (D:1)
  A frilled lizard (D:1)
  3 rats (D:1)
18 creatures vanquished.

Notes
Turn   | Place    | Note
-------+----------+-------------------------------------------
     0 | D:1      | lauthentik the Draconian Conjurer began the quest for the Orb.
     0 | D:1      | Reached XP level 1. HP: 14/14 MP: 3/3
     6 | D:1      | Noticed a hog
     6 | D:1      | Noticed a polar bear
     7 | D:1      | Noticed a water moccasin
     7 | D:1      | Noticed a rime drake
   220 | D:1      | Reached XP level 2. HP: 20/20 MP: 0/5
   736 | D:2      | Noticed Robin
   750 | D:2      | Slain by a goblin

Vault maps used:
D:1:      onia_arrival_zoo_common, minmay_misc_feat_rows
D:2:      zin_angel, nicolae_overflow_crystal_walls, uniq_natasha, uniq_robin

Action                   || total
-------------------------++-------
Melee: Whip              ||    29
 Cast: Magic Dart        ||    28
 Stab: Sleeping          ||     1
Armor: Skin              ||    14
Dodge: Dodged            ||    27
